 Dungeon Crawl Stone Soup version 0.18.1-6-gd335043 (webtiles) character file.

1514 NoLuckNoSkill the Thaumaturge (level 8, -3/41 HPs)
             Began as a Deep Elf Conjurer on May 16, 2016.
             Was a Follower of Vehumet.
             Killed by divine providence
             ... invoked by an orc priest
              (9 damage)
             ... on level 6 of the Dungeon.
             The game lasted 00:13:08 (4554 turns).

NoLuckNoSkill the Thaumaturge (Deep Elf Conjurer)   Turns: 4554, Time: 00:13:09

Health: -3/41      AC:  5    Str:  5    XL:     8   Next: 53%
Magic:  1/24       EV: 16    Int: 23    God:    Vehumet [*.....]
Gold:   375        SH:  0    Dex: 20    Spells: 8 memorised, 1 level left

rFire  . . .     SeeInvis +     g - +0 dagger
rCold  . . .     Gourm    .     a - +0 robe
rNeg   . . .     Faith    .     (no shield)
rPois  .         Spirit   .     e - +0 helmet
rElec  +         Dismiss  .     (no cloak)
rCorr  .         Reflect  .     (no gloves)
SustAt .         Harm     .     o - +1 pair of boots
MR     .....                    (no amulet)
Stlth  ++........               z - ring of see invisible
                                n - +3 ring of dexterity

@: not resistant to hostile enchantments, unstealthy
A: agile 1, blurry vision 1, electricity resistance, slow regeneration 1
a: Renounce Religion


You were on level 6 of the Dungeon.
You worshipped Vehumet.
Vehumet was aware of your devotion.
You were not hungry.

You visited 2 branches of the dungeon, and saw 7 of its levels.

You collected 375 gold pieces.

Inventory:

Hand Weapons
 g - a +0 dagger (weapon)
 y - a +0 whip of flaming
Armour
 a - a +0 robe (worn)
 e - a +0 helmet (worn)
 o - a +1 pair of boots (worn)
 q - a +1 scale mail of poison resistance
Jewellery
 d - an uncursed ring of ice
 n - a +3 ring of dexterity (left hand)
 z - a ring of see invisible (right hand)
Wands
 i - a wand of flame (15/48)
 t - a wand of acid (10/15)
 w - a wand of lightning (12/15)
 B - a wand of confusion (37/48)
Scrolls
 h - 5 scrolls of teleportation
 j - 2 scrolls of fog
 m - 3 scrolls of remove curse
 r - 4 scrolls of identify
 A - a scroll of brand weapon {unknown}
Potions
 k - a potion of ambrosia {unknown}
 l - a potion of cancellation
 v - a potion of cure mutation
 x - a potion of flight
Books
 b - a book of Conjurations

   Spells                             Type                      Level
   a - Magic Dart                     Conjuration                  1
   b - Searing Ray                    Conjuration                  2
   c - Dazzling Spray                 Conjuration/Hexes            3
   d - Fulminant Prism                Conjuration/Hexes            4
   e - Iskenderun's Mystic Blast      Conjuration                  4
   f - Iskenderun's Battlesphere      Conjuration/Charms           5
 u - a book of Flames

   Spells                             Type                      Level
   a - Flame Tongue                   Conjuration/Fire             1
   b - Throw Flame                    Conjuration/Fire             2
   c - Conjure Flame                  Conjuration/Fire             3
   d - Inner Flame                    Hexes/Fire                   3
   e - Sticky Flame                   Conjuration/Fire             4
   f - Fireball                       Conjuration/Fire             5
Comestibles
 c - 3 bread rations
 f - a meat ration
 p - 2 slices of pizza
 s - 10 fruits
 C - 4 chunks of flesh


   Skills:
 + Level 5.0 Dodging
 - Level 2.4 Stealth
 + Level 10.7 Spellcasting
 + Level 7.6 Conjurations
 + Level 1.5 Charms
 + Level 0.9 Fire Magic


You had one spell level left.
You knew the following spells:

 Your Spells              Type           Power        Failure   Level  Hunger
a - Magic Dart            Conj           ####         1%          1    None
b - Searing Ray           Conj           #####.       1%          2    None
c - Dazzling Spray        Conj/Hex       ####....     3%          3    None
d - Iskenderun's Mystic   Conj           #####...     2%          4    #......
e - Fulminant Prism       Conj/Hex       ####......   12%         4    #......
f - Iskenderun's Battles  Conj/Chrm      ####....     24%         5    ####...
g - Conjure Flame         Conj/Fire      ####....     2%          3    None
h - Fireball              Conj/Fire      ####......   24%         5    ####...


Dungeon Overview and Level Annotations

Branches:
Dungeon (6/15)             Temple (1/1) D:4

Altars:
Ashenzari
Cheibriados
Dithmenos
Elyvilon
Gozag
Kikubaaqudgha
Okawaru
Qazlal
Sif Muna
Trog
Vehumet
Xom
Yredelemnul
The Shining One


Innate Abilities, Weirdness & Mutations

You are agile. (Dex +2)
Scrolls take you a little longer to read.
You are resistant to electric shocks.
You regenerate slowly when monsters are visible.


Message History

Confirm with . or Enter, or press ? or * to list all spells.
Aiming: Magic Dart
Press: ? - help, Shift-Dir - straight line, f/p - orc priest
Aim: an orc priest, wielding a mace and wearing a shiny ring mail (heavily wounded)
The magic dart hits the orc priest.
The orc priest is heavily wounded.
The orc priest barely misses you.
You hit the orc priest but do no damage.
The orc priest is heavily wounded.
The orc priest invokes the aid of Beogh against you.
Pain shoots through your body!
* * * LOW HITPOINT WARNING * * *
You closely miss the orc priest.
The orc priest is heavily wounded.
The orc priest hits you but does no damage.
Drink which item? (? for menu, Esc to quit)
Okay, then.
The orc priest mumbles some strange prayers to Beogh against you.
Beogh smites you!
You die...

.# #.####.#######
..###.............
...........##########
..#.######..)).)o...# #
#.#
##########o########..
#o# #######...........
#o# #.....o...######..
#o# #.........# #.#
#...@.....######.#.#
#.#
####...........<.......
#.o
.......^......#####.###
####.........##
#.........# #.........#
#.........# ###########


You could see an orc priest and an orc.

Vanquished Creatures
  Pikel (D:5)
  Sigmund (D:4)
  A sky beast (D:5)
  The ghost of NoLuckNoSkill the Magician, an amateur DEAE (D:3)
  2 scorpions
  A howler monkey (D:4)
  A crimson imp (D:5)
  2 hounds (D:5)
  A gnoll shaman (D:6)
  2 orc priests
  An iguana (D:4)
  An orc wizard (D:5)
  Natasha (D:3)
  2 hound skeletons
  A howler monkey zombie (D:6)
  4 gnolls (D:6)
  10 adders
  2 oozes
  An adder skeleton (D:4)
  2 worms
  A dart slug (D:4)
  15 orcs
  A ball python (D:3)
  5 bats
  6 giant cockroaches
  12 hobgoblins
  2 quokkas
  7 giant newts
  6 goblins
  13 kobolds
  6 rats
112 creatures vanquished.

Vanquished Creatures (others)
  A slave (D:5)
  A centaur (D:5)
  A crimson imp (D:5)
  A worm (D:5)
  A giant gecko skeleton (D:5)
  4 fulminant prisms (D:6)
9 creatures vanquished.

Grand Total: 121 creatures vanquished

Notes
Turn   | Place    | Note
--------------------------------------------------------------
     0 | D:1      | NoLuckNoSkill the Deep Elf Conjurer began the quest for the Orb.
     0 | D:1      | Reached XP level 1. HP: 10/10 MP: 6/6
   221 | D:1      | Reached XP level 2. HP: 15/15 MP: 4/8
   240 | D:1      | Learned a level 2 spell: Searing Ray
   768 | D:2      | Reached skill level 4 in Spellcasting
  1023 | D:2      | Reached XP level 3. HP: 18/19 MP: 2/10
  1037 | D:2      | Found a bloodstained altar of Trog.
  1190 | D:2      | Learned a level 3 spell: Dazzling Spray
  1491 | D:2      | Reached skill level 5 in Conjurations
  1535 | D:3      | Noticed a scorpion
  1542 | D:3      | Killed a scorpion
  1542 | D:3      | Reached skill level 5 in Spellcasting
  1542 | D:3      | Reached XP level 4. HP: 24/24 MP: 3/13
  1657 | D:3      | Found a basalt altar of Yredelemnul.
  1818 | D:3      | Noticed NoLuckNoSkill's ghost (amateur DEAE)
  1837 | D:3      | Killed NoLuckNoSkill's ghost
  1837 | D:3      | Reached skill level 6 in Spellcasting
  1837 | D:3      | Reached XP level 5. HP: 26/28 MP: 6/16
  1941 | D:3      | Found an opulent altar of Gozag.
  2064 | D:3      | Reached skill level 7 in Spellcasting
  2137 | D:3      | Reached XP level 6. HP: 26/32 MP: 14/18
  2143 | D:3      | Learned a level 4 spell: Iskenderun's Mystic Blast
  2148 | D:3      | Learned a level 4 spell: Fulminant Prism
  2154 | D:3      | Learned a level 5 spell: Iskenderun's Battlesphere
  2154 | D:3      | Noticed Natasha
  2158 | D:3      | Killed Natasha
  2244 | D:3      | Found a white marble altar of Elyvilon.
  2492 | D:4      | Found a staircase to the Ecumenical Temple.
  2505 | Temple   | Entered the Ecumenical Temple
  2680 | Temple   | Became a worshipper of Vehumet
  2816 | D:4      | Reached skill level 8 in Spellcasting
  3029 | D:4      | Noticed Sigmund
  3039 | D:4      | Killed Sigmund
  3039 | D:4      | Reached XP level 7. HP: 11/36 MP: 8/21
  3438 | D:5      | Entered Level 5 of the Dungeon
  3601 | D:5      | Reached skill level 9 in Spellcasting
  3654 | D:5      | Noticed Pikel
  3659 | D:5      | Killed Pikel
  3659 | D:5      | Reached skill level 10 in Spellcasting
  3659 | D:5      | Reached XP level 8. HP: 23/41 MP: 1/24
  3857 | D:5      | Reached skill level 5 in Dodging
  3972 | D:5      | Reached * piety under Vehumet
  3972 | D:5      | Offered knowledge of Sandblast by Vehumet.
  4107 | D:5      | Gained mutation: Scrolls take you a little longer to read. [potion of mutation]
  4107 | D:5      | Gained mutation: Your magical capacity is low (-10% MP). [potion of mutation]
  4107 | D:5      | Gained mutation: You regenerate slowly when monsters are visible. [potion of mutation]
  4108 | D:5      | Lost mutation: Your magical capacity is low (-10% MP). [potion of mutation]
  4108 | D:5      | Gained mutation: You are resistant to electric shocks. [potion of mutation]
  4108 | D:5      | Gained mutation: You are agile. (Dex +2) [potion of mutation]
  4138 | D:5      | Learned a level 3 spell: Conjure Flame
  4144 | D:5      | Learned a level 5 spell: Fireball
  4497 | D:6      | Reached skill level 1 in Charms
  4554 | D:6      | Killed from afar by an orc priest

Skill      XL: |  1  2  3  4  5  6  7  8 |
---------------+-------------------------+-----
Spellcasting   | 4 5 6 7 8 10 | 10.7
Conjurations   | 5 6 7 |  7.6
Dodging        | 3 4 5 |  5.0
Charms         | 1 |  1.5
Stealth        | |  2.4
Fire Magic     | |  0.9

Action                   |  1- 3 |  4- 6 |  7- 9 || total
-------------------------+-------+-------+-------++-------
Melee: Dagger            |       |       |    21 ||    21
 Cast: Magic Dart        |    85 |    48 |    39 ||   172
       Searing Ray       |     2 |    15 |    13 ||    30
       Iskenderun's Myst |       |       |    13 ||    13
       Fulminant Prism   |       |       |     4 ||     4
  Use: Scroll            |       |     5 |     1 ||     6
       Potion            |       |     4 |     5 ||     9
  Eat: Chunk             |     2 |     4 |     5 ||    11
Armor: Robe              |     6 |     3 |     4 ||    13
Dodge: Dodged            |    10 |    32 |    28 ||    70
